 Dungeon Crawl Stone Soup version 0.19-a0-1886-gd64a0f0 (webtiles) character file.

20906 pokedragonboy the Fighter (level 12, 0/112 HPs)
             Began as a Minotaur Fighter on Oct 16, 2016.
             Was the Champion of Okawaru.
             Slain by a snapping turtle (16 damage)
             ... on level 3 of the Lair of Beasts.
             The game lasted 00:48:59 (17879 turns).

pokedragonboy the Fighter (Minotaur Fighter)       Turns: 17879, Time: 00:49:00

Health: 0/112      AC: 21    Str: 26    XL:     12   Next: 49%
Magic:  17/17      EV: 10    Int:  8    God:    Okawaru [******]
Gold:   661        SH:  0    Dex: 10    Spells: 0 memorised, 11 levels left

rFire  + . .     SeeInvis .     h - +4 battleaxe
rCold  . . .     Gourm    .     G - +1 plate armour
rNeg   . . .     Faith    +     (shield currently unavailable)
rPois  +         Spirit   .     (helmet restricted)
rElec  +         Dismiss  .     r - +2 cloak "Areq" {rElec rPois Int+3}
rCorr  +         Reflect  .     (no gloves)
MR     .....     Harm     .     H - +1 pair of boots {Fly}
Stlth  ..........               y - amulet of faith
                                K - ring of resist corrosion
                                p - ring of protection from fire

@: flying
A: retaliatory headbutt, horns 2
a: Heroism, Finesse, Renounce Religion, Stop Flying


You were on level 3 of the Lair of Beasts.
You worshipped Okawaru.
Okawaru was exalted by your worship.
You were not hungry.

You visited 3 branches of the dungeon, and saw 14 of its levels.
You also visited: Labyrinth and Sewer.

You collected 661 gold pieces.

Inventory:

Hand Weapons
 h - a +4 battleaxe (weapon)
 E - the +0 dagger of Ymmudash {venom, rElec MR+, {used all the way to D:10}}
   (You found it on level 5 of the Dungeon)

   It poisons the flesh of those it strikes.
   It insulates you from electricity.
   It affects your resistance to hostile enchantments.
 U - the +6 arbalest "Damnation" {damnation}
   (You found it in a labyrinth)
Missiles
 t - 14 tomahawks (quivered)
 F - 19 javelins
 I - 5 tomahawks of returning
Armour
 j - a +2 large shield of protection
 r - the +2 cloak "Areq" (worn) {rElec rPois Int+3}
   (Okawaru gifted it to you on level 3 of the Lair of Beasts)

   It affects your intelligence (+3).
   It insulates you from electricity.
   It protects you from poison.
 G - a +1 plate armour (worn)
 H - a +1 pair of boots of flying (worn)
Rods
 R - a +4 rod of inaccuracy (12/12)
   (You found it in a labyrinth)
Jewellery
 p - a ring of protection from fire (left hand)
 y - an amulet of faith (around neck)
 K - a ring of resist corrosion (right hand)
Wands
 f - a wand of enslavement (9/24)
 g - a wand of iceblast (5/15)
 m - a wand of paralysis (2/24)
 o - a wand of teleportation (3/9)
 O - a wand of flame (37/48)
 Q - a wand of lightning (6/15)
Scrolls
 a - a scroll of remove curse
 e - 4 scrolls of fog
 i - a scroll of noise
 l - a scroll of recharging
 n - 7 scrolls of teleportation
 s - a scroll of blinking
 z - a scroll of amnesia
Potions
 b - 2 potions of brilliance
 d - 4 potions of lignification
 u - a potion of curing
 x - a potion of agility {unknown}
 B - 2 potions of cancellation {unknown}
 D - a potion of magic {unknown}
Miscellaneous
 k - a crystal ball of energy
Comestibles
 c - 14 fruits
 q - a chunk of flesh
 L - 5 slices of pizza
 M - 2 meat rations


   Skills:
 * Level 12.1 Fighting
 * Level 12.0 Axes
 * Level 4.9 Crossbows
 + Level 9.7 Armour
 + Level 7.9 Dodging
 - Level 8.7 Shields
 + Level 8.6 Invocations


You had 11 spell levels left.
You didn't know any spells.

Dungeon Overview and Level Annotations

Branches:
Dungeon (10/15)            Temple (1/1) D:5            Lair (3/6) D:10
 Shoals (0/4) Lair:3
  Snake: Lair:2-4    Spider: Lair:2-4       Orc: D:9-12

Altars:
Ashenzari
Cheibriados
Dithmenos
Elyvilon
Fedhas
Gozag
Hepliaklqana
Kikubaaqudgha
Makhleb
Nemelex Xobeh
Okawaru
Qazlal
Ru
Sif Muna
Trog
Uskayaw
Vehumet
Xom
Yredelemnul
Zin
The Shining One


Innate Abilities, Weirdness & Mutations

You reflexively headbutt those who attack you in melee.
You have a pair of horns on your head.


Message History

* * * LOW HITPOINT WARNING * * *
You feel better. The snapping turtle bites you!
* * * LOW HITPOINT WARNING * * *
You feel better. The snapping turtle bites you.
* * * LOW HITPOINT WARNING * * *
You feel better. The snapping turtle misses you. You furiously retaliate!
You headbutt the snapping turtle.
You feel better. The snapping turtle bites you.
* * * LOW HITPOINT WARNING * * *
Unknown command.
You slash the snapping turtle! You headbutt the snapping turtle.
The snapping turtle is severely wounded.
The snapping turtle closely misses you.
You slash the snapping turtle!
You headbutt the snapping turtle, but do no damage.
The snapping turtle is almost dead.
The snapping turtle bites you!!
* * * LOW HITPOINT WARNING * * *
You feel better. The snapping turtle bites you!
You die...

................P...........
............................
............................
.........≈≈.#.#P##.........
.......≈≈≈.≈≈≈≈####...####
#≈≈≈≈≈≈.≈≈≈≈..# ..#.#PP
#≈≈≈≈##'##≈≈≈<##..##... ....
#≈≈≈##...##≈≈..# .##... ...#
##≈≈#t@...#≈≈.##..##... ...# #.
#≈≈#..>..#≈≈.##.(.#... ...# #.#
##≈≈#.....#≈≈.#...+.... ...####.#
#≈≈≈##...##≈≈.....##...
....#....##.≈≈≈#####≈≈≈......P.PP
.............≈≈≈≈≈≈≈≈≈.###.......
..............≈≈≈≈≈≈≈####........
..................†..............
.................................


You could see a snapping turtle.

Vanquished Creatures
  A minotaur (Lab)
  A hydra (D:10)
  Urug (Lair:3)
  An unseen horror (D:9)
  4 elephants (Lair:3)
  A black mamba (Lair:3)
  The ghost of stigmas the Slasher, a novice DsGl of Makhleb (D:5)
  4 spiny frogs
  5 komodo dragons
  A minotaur zombie (Lab)
  Prince Ribbit (D:8)
  3 blink frogs (Lair:3)
  2 dream sheep (D:10)
  4 hippogriffs
  25 yaks
  Sigmund (D:2)
  3 basilisks
  3 hungry ghosts
  The ghost of rgaf the Sneak, an amateur HaAs (D:3)
  4 porcupines
  7 water moccasins
  3 black bears
  2 ice beasts
  4 orc warriors
  2 sky beasts (D:9)
  4 necrophages (Lair:3)
  4 ogres
  4 wolves
  A centaur (D:10)
  8 crocodiles
  6 big kobolds
  13 bullfrogs
  A gnoll sergeant (D:6)
  2 scorpions
  3 killer bees (D:8)
  A troll skeleton (Lab)
  13 wights
  2 spriggan skeletons (Lab)
  An electric eel (Lair:3)
  A howler monkey (D:5)
  3 crimson imps
  A quasit (D:9)
  5 hounds
  5 orc priests
  7 orc wizards
  3 iguanas (D:9)
  Terence (D:2)
  8 worker ants
  Ijyb (D:2)
  A killer bee zombie (D:5)
  2 hound zombies
  An ogre skeleton (Lab)
  A hound skeleton (D:9)
  8 gnolls (D:6)
  10 adders
  A river rat (D:10)
  2 shadow imps
  2 oozes
  7 worms
  2 dart slugs
  6 leopard geckos
  32 orcs
  8 bats
  9 giant cockroaches
  5 goblins
  9 hobgoblins
  6 jackals
  A quokka (D:5)
  3 ball pythons
  11 frilled lizards
  A jackal skeleton (D:8)
  23 kobolds
  15 rats
  2 plants (Lair:2)
351 creatures vanquished.

Vanquished Creatures (others)
  5 dream sheep (D:7)
  5 fungi
  A plant (Lair:3)
11 creatures vanquished.

Grand Total: 362 creatures vanquished

Notes
Turn   | Place    | Note
-------+----------+-------------------------------------------
     0 | D:1      | pokedragonboy the Minotaur Fighter began the quest for the Orb.
     0 | D:1      | Reached XP level 1. HP: 19/19 MP: 0/0
   448 | D:1      | Reached XP level 2. HP: 27/27 MP: 1/1
   891 | D:2      | Noticed Terence
   897 | D:2      | Reached XP level 3. HP: 27/33 MP: 2/2
   899 | D:2      | Killed Terence
  1097 | D:2      | Noticed Ijyb
  1104 | D:2      | Killed Ijyb
  1104 | D:2      | Reached skill level 1 in Dodging
  1104 | D:2      | Reached XP level 4. HP: 40/40 MP: 3/3
  1123 | D:2      | Noticed Sigmund
  1136 | D:2      | Killed Sigmund
  1136 | D:2      | Reached skill level 5 in Armour
  1136 | D:2      | Reached XP level 5. HP: 14/47 MP: 4/4
  2059 | D:3      | Reached XP level 6. HP: 49/55 MP: 5/5
  2283 | D:3      | Found a glowing drain.
  2284 | D:3      | Noticed rgaf's ghost (amateur HaAs)
  2296 | D:3      | Killed rgaf's ghost
  2296 | D:3      | Reached skill level 5 in Fighting
  2296 | D:3      | Reached skill level 5 in Axes
  2334 | Sewer    | Entered a sewer
  2569 | Sewer    | Reached skill level 5 in Shields
  2575 | Sewer    | Reached XP level 7. HP: 44/61 MP: 6/6
  3637 | D:4      | Found a faded altar of an unknown god.
  3637 | D:4      | Found a faded altar of an unknown god.
  3642 | D:4      | Found a faded altar of an unknown god.
  3644 | D:4      | Found a faded altar of an unknown god.
  3646 | D:4      | Found an ancient bone altar of Kikubaaqudgha.
  3906 | D:5      | Entered Level 5 of the Dungeon
  4026 | D:5      | Found a staircase to the Ecumenical Temple.
  4060 | Temple   | Entered the Ecumenical Temple
  4104 | Temple   | Became a worshipper of Warmaster Okawaru
  4229 | D:5      | Noticed stigmas's ghost (novice DsGl)
  4242 | D:5      | Killed stigmas's ghost
  4242 | D:5      | Reached XP level 8. HP: 47/71 MP: 7/7
  4657 | D:5      | Found a stormy altar of Qazlal.
  4738 | D:5      | Reached skill level 1 in Invocations
  4788 | D:5      | Got a slimy dagger
  4789 | D:5      | Identified the cursed +0 dagger of Ymmudash {venom, rElec MR+} (You found it on level 5 of the Dungeon)
  4930 | D:5      | Reached * piety under Okawaru
  5045 | D:5      | Noticed a moth of wrath
  5048 | D:5      | Found a bloodstained altar of Trog.
  5258 | D:5      | let it be known that MiFi is broken
  5258 | D:5      | I killed a room full of berserk worms and rats with a +0 venom dagger
  5888 | D:6      | Found an opulent altar of Gozag.
  6287 | D:6      | Found a white marble altar of Elyvilon.
  6422 | D:6      | Reached ** piety under Okawaru
  6528 | D:6      | ok, I'll be honest
  6528 | D:6      | it sucked when I wielded a cursed dagger with no removes on me
  6528 | D:6      | but this is actually kind of epic
  6528 | D:6      | I killed an ogre with a +0 venom dagger
  6528 | D:6      | an OGRE
  7124 | D:7      | Reached XP level 9. HP: 78/80 MP: 10/10
  7838 | D:7      | Found a shimmering altar of Xom.
  8461 | D:8      | I need to make the story of this guy in epic poem form
  8462 | D:8      | I killed 3 wights with an unidentified wand of flame and a +0 dagger of venom (which does not affect them)
  8554 | D:8      | Noticed Prince Ribbit
  8587 | D:8      | Killed Prince Ribbit
  8600 | D:8      | lets add prince ribbit to the kill list
  8712 | D:8      | Reached *** piety under Okawaru
  8717 | D:8      | Found a sacrificial altar of Ru.
  8732 | D:8      | well. I have a scroll now
  8732 | D:8      | do I use it?
  9249 | D:9      | okay. challenge
  9249 | D:9      | I will wield this until lair, at least
  9302 | D:9      | Found a blossoming altar of Fedhas.
  9713 | D:9      | okay. this dagger sucks, but I plan to make a shrine to it
  9717 | D:9      | it is awesome
  9718 | D:9      | because It made me play carefully
 10064 | D:9      | Reached skill level 5 in Invocations
 10073 | D:9      | Reached **** piety under Okawaru
 10073 | D:9      | Reached skill level 5 in Dodging
 10077 | D:9      | Reached XP level 10. HP: 90/91 MP: 12/12
 10539 | D:9      | to the list of handicaps, I would like to add that I ma drained 5 points
 10763 | D:9      | Reached ***** piety under Okawaru
 10865 | D:9      | Found a deep blue altar of Sif Muna.
 10913 | D:9      | Killed an unseen horror
 11078 | D:9      | Found a hazy altar of Hepliaklqana.
 11079 | D:9      | Found a shadowy altar of Dithmenos.
 11125 | D:10     | Entered Level 10 of the Dungeon
 11133 | D:10     | Found a burning altar of Makhleb.
 11642 | D:10     | Found a staircase to the Lair.
 11785 | D:10     | Found a shadowy altar of Dithmenos.
 11812 | D:10     | Reached skill level 10 in Axes
 12250 | D:10     | Reached skill level 10 in Fighting
 12271 | D:10     | Received a gift from Okawaru
 12628 | D:10     | Noticed a two-headed hydra
 12645 | D:10     | Killed a two-headed hydra
 12645 | D:10     | Reached XP level 11. HP: 45/99 MP: 15/15
 12911 | D:10     | Reached ****** piety under Okawaru
 13341 | D:10     | well.
 13341 | D:10     | I did it
 13350 | D:10     | I completed all the way to D:10
 13351 | D:10     | wielding a cursed, +0 dagger of venom
 13351 | D:10     | it was not easy
 13358 | D:10     | in fact, it was kind of stupid
 13365 | D:10     | but I liked it
 13365 | D:10     | MiFi is broken beyond belief
 13365 | D:10     | I hope this proves it
 13390 | Lair:1   | Entered Level 1 of the Lair of Beasts
 13660 | Lair:1   | Found a labyrinth entrance.
 13837 | Lab      | Entered a labyrinth
 14234 | Lab      | Noticed a minotaur
 14243 | Lab      | Killed a minotaur
 14452 | Lab      | well, I see my heroic feats have been rewarded
 14456 | Lair:1   | Identified a +4 rod of inaccuracy (12/12) (You found it in a labyrinth)
 14935 | Lair:2   | Reached skill level 1 in Crossbows
 15295 | Lair:2   | Received a gift from Okawaru
 15472 | Lair:2   | Got a warped pewter amulet
 15728 | Lair:2   | Identified the amulet "Bunu Boss" {Faith -Tele Dex+3 SInv Stlth+} (You found it on level 2 of the Lair of Beasts)
 16129 | Lair:3   | Reached XP level 12. HP: 71/110 MP: 15/17
 16392 | Lair:3   | Noticed Urug
 16411 | Lair:3   | Killed Urug
 17029 | Lair:3   | Received a gift from Okawaru
 17200 | Lair:3   | Got a spiked cloak {god gift}
 17206 | Lair:3   | Identified the +2 cloak "Areq" {rElec rPois Int+3} (Okawaru gifted it to you on level 3 of the Lair of Beasts)
 17856 | Lair:3   | Found a staircase to the Shoals.
 17879 | Lair:3   | Slain by a snapping turtle

Vault maps used:
D:1:      dpeg_arrival_chambers_temple_mockup, minmay_lizard_king
D:2:      uniq_terence, uniq_sigmund, uniq_iyjb
D:3:      portal_sewer_entry_a
D:4:      chequers_temple_overflow_minitemple, first_bread
D:5:      old_standard_altar, tgw_trog
D:6:      old_standard_altar, nicolae_gozag_seed_capital
D:7:      kb_xom_exploding_sheep
D:8:      lemuel_crystal_altar, uniq_prince_ribbit1
D:9:      kennysheep_mini, minitemple, fedhas_altar_fruit_tree
D:10:     due_lair_maze_entry_diamond, basic_altar, hangedman_ranch,
          dk_noncrumbling_2, minmay_misc_feat_hallway, grunt_dithmenos_shadows
Temple:   minmay_freezing_vapour_temple
Lair:1:   lab_entry_generic, beast_lair_carwin_9, lemuel_fruit_fields
Lair:2:   st_stairs_4
Lair:3:   minmay_shoals_entry_hut, roderic_carrion_pond, uniq_urug
Lab:      labyrinth_hidden_loot, nicolae_lab_checkerboard, lab_block,
          nicolae_lab_statue, nicolae_lab_plus, nicolae_lab_garden, lab_statue,
          nicolae_lab_dead_end
Sewer:    kennysheep_pipe_town

Skill      XL: |  1  2  3  4  5  6  7  8  9 10 11 12 |
---------------+-------------------------------------+-----
Armour         | 4 5 6 7 8 9 |  9.7
Shields        | 4 5 6 7 8 |  8.7
Fighting       | 4 5 6 7 9 10 11 12 | 12.1
Axes           | 3 4 5 6 7 9 10 11 12 | 12.0
Dodging        | 1 2 3 4 5 6 7 |  7.9
Invocations    | 3 5 6 8 |  8.6
Crossbows      | 3 4 |  4.9

Action                   |  1- 3 |  4- 6 |  7- 9 | 10-12 || total
-------------------------+-------+-------+-------+-------++-------
Melee: War axe           |    57 |   111 |    90 |    92 ||   350
       Headbutt          |     7 |    10 |   103 |   203 ||   323
       Dagger            |       |       |   446 |   490 ||   936
       Battleaxe         |       |       |       |   207 ||   207
Throw: Tomahawk          |       |       |     7 |     1 ||     8
Invok: Heroism           |       |       |     1 |     4 ||     5
Evoke: Wand              |       |       |     5 |     1 ||     6
  Use: Scroll            |     2 |     3 |    15 |     7 ||    27
       Potion            |       |     2 |     2 |    20 ||    24
  Eat: Chunk             |     1 |       |     7 |     1 ||     9
       Bread ration      |       |     1 |     2 |     3 ||     6
       Beef jerky        |       |       |     3 |     1 ||     4
       Meat ration       |       |       |     4 |     2 ||     6
       Royal jelly       |       |       |     1 |       ||     1
       Fruit             |       |       |     4 |       ||     4
       Pizza             |       |       |     1 |     2 ||     3
Armor: Scale mail        |    27 |    50 |    45 |       ||   122
       Plate armour      |       |       |   164 |   438 ||   602
Dodge: Dodged            |    14 |    54 |   127 |   256 ||   451
Block: Shield            |    21 |    77 |   313 |   199 ||   610
       Large shield      |       |       |       |   151 ||   151
